 Dungeon Crawl Stone Soup version 0.14-a0-3109-ga7442b6 (webtiles) character file.

6391 4tharraofdagon the Basher (level 10, -5/110 HPs)
             Began as an Ogre Wizard on Mar 7, 2014.
             Was a Priest of Cheibriados.
             Slain by a minotaur
             ... wielding the -2,+8 whip of Turmoil {slash, Contam +Blink rC+}
              (22 damage)
             ... in a labyrinth.
             The game lasted 00:45:33 (5307 turns).

4tharraofdagon the Basher (Ogre Wizard)             Turns: 5307, Time: 00:45:33

HP  -5/110       AC  5     Str 25      XL: 10   Next: 84%
MP   8/22        EV 13     Int 28      God: Cheibriados [***...]
Gold 432         SH  0     Dex 16      Spells:  5 memorised,  8 levels left

rFire  . . .     SeeInvis .     j - +3,+1 giant spiked club
rCold  . . .     Clarity  .     C - +0 robe
rNeg   . . .     Conserve .     (shield restricted)
rPois  .         rCorr    .     b - +0 hat
rElec  .         rRot     .     (no cloak)
SustAb . .       Spirit   .     (gloves unavailable)
rMut   .         Warding  .     (boots unavailable)
Saprov + . .     Stasis   .     (no amulet)
MR     +....                    D - +2 ring of protection
                                B - +3 ring of intelligence

@: very slightly contaminated, very slow, somewhat resistant to hostile
enchantments, fairly stealthy
A: unfitting armour, fast metabolism 1, saprovore 1, tough skin 1
a: Bend Time, Temporal Distortion, Renounce Religion


You were in a labyrinth.
You worshipped Cheibriados.
Cheibriados was most pleased with you.
You were not hungry.

You visited 2 branches of the dungeon, and saw 13 of its levels.
You also visited: Labyrinth and Sewer.

You collected 432 gold pieces.

Inventory:

Hand weapons
 f - a +0,+0 mace
 j - a +3,+1 giant spiked club (weapon)
 k - a +0,+0 club
 w - a +0,-1 giant club
 z - a +2,+0 whip of freezing
 I - a +0,+0 giant club
 N - a +0 blowgun
 S - a cursed +1,+2 great sword of slicing
 T - a +1,+2 flail
 U - a +0,+0 giant club
 X - a +0,+0 dire flail
 Y - a +3,+0 whip
Missiles
 e - 9 darts
 h - 21 stones
 s - 6 curare-tipped needles
 y - 5 large rocks (quivered)
 M - 3 needles of confusion
Armour
 a - a +0 robe
 b - a +0 hat (worn)
 C - a +0 robe (worn)
Magical devices
 u - a wand of confusion (6)
 A - a wand of random effects (11)
 E - a wand of polymorph (16)
Comestibles
 d - 3 meat rations
 m - 2 bread rations
Scrolls
 g - 8 scrolls of remove curse
 r - 2 scrolls of enchant armour
 t - a scroll of teleportation
 V - a scroll of summoning {unknown}
Jewellery
 B - a +3 ring of intelligence (left hand)
 D - a +2 ring of protection (right hand)
 Q - an uncursed ring of ice
Potions
 i - a potion of curing
 p - a potion of paralysis
 F - a potion of brilliance
 J - 4 potions of speed
 K - 2 potions of heal wounds {unknown}
 L - a potion of berserk rage
 R - a potion of restore abilities
Books
 c - a book of Minor Magic

   Spells                             Type                      Level
   *Magic Dart                        Conjuration                  1
   *Blink                             Translocation                2
   Call Imp                           Summoning                    2
   *Repel Missiles                    Charms/Air                   2
   Slow                               Hexes                        2
   *Conjure Flame                     Conjuration/Fire             3
   *Mephitic Cloud                    Conjuration/Poison/Air       3
 G - a book of Power

   Spells                             Type                      Level
   Fulminant Prism                    Conjuration/Hexes            4
   Iskenderun's Mystic Blast          Conjuration                  4
   Venom Bolt                         Conjuration/Poison           5
   Bolt of Magma                      Conjuration/Fire/Earth       5
   Iron Shot                          Conjuration/Earth            6
   Orb of Destruction                 Conjuration                  7
Magical staves
 O - a cursed staff of death
Miscellaneous
 P - a lamp of fire (inert)


   Skills:
 + Level 9.8 Fighting
 * Level 12.8 Maces & Flails
 + Level 5.5 Dodging
 - Level 1.5 Stealth
 - Level 5.0 Spellcasting
 - Level 0.6 Conjurations
   Level 0.6 Summonings
 - Level 0.6 Translocations
 - Level 1.8 Fire Magic
 + Level 6.2 Invocations
 + Level 2.1 Evocations


You had 8 spell levels left.
You knew the following spells:

 Your Spells              Type           Power        Failure   Level  Hunger
a - Magic Dart            Conj           ##..         8%          1    None
b - Conjure Flame         Conj/Fire      ##......     14%         3    #......
c - Repel Missiles        Chrm/Air       #.....       12%         2    None
d - Mephitic Cloud        Conj/Pois/Air  #.......     21%         3    #......
e - Blink                 Tloc           N/A          10%         2    None


Dungeon Overview and Level Annotations

Branches:
Dungeon (12/16)            Temple (1/1) D:7
    Orc: D:9-12        Lair: D:8-11

Altars:
Cheibriados
Dithmenos
Elyvilon
Makhleb
Nemelex Xobeh
Trog
Xom
Yredelemnul
Zin
The Shining One

Shops:
D:11 *

Annotations:
D:5 Dowan, Duvessa


Innate Abilities, Weirdness & Mutations

You are too large for most types of armour.
You have a fast metabolism.
You can tolerate rotten meat.
You have tough skin (AC +1).


Message History

Unknown command.
Unknown command.
You barely miss the minotaur.
The minotaur furiously retaliates!
The minotaur headbutts you!
The minotaur is engulfed in roaring flames.
The minotaur closely misses you. The minotaur gores you!
You sock the minotaur!
The minotaur is lightly wounded.
The minotaur is engulfed in roaring flames.
The minotaur closely misses you. The minotaur gores you!
You impale the minotaur!!
The minotaur is severely wounded.
The minotaur is engulfed in roaring flames.
The minotaur hits you with a brightly glowing whip!
* * * LOW HITPOINT WARNING * * *
The minotaur gores you!
* * * LOW HITPOINT WARNING * * *
The minotaur is engulfed in roaring flames.
The minotaur hits you with a brightly glowing whip!
You die...

########.#. #
# .. #..#
###.# #.# .#
#.# # # #. #
#.# . # #..
#### #.#.#
#.#.. . .#
#####.#...
.#.. .###
#.....#.#
..#..# #
###@#.## ##
.## # #
#...H.....#...
# #.
#########.#.
### #
....H....#
.....#
#########.###
. .. . ... #..
## . ## # #. .
# . . . # # #
#


You could see a minotaur.

Vanquished Creatures
  The ghost of DaftWullie the Slicer, an experienced KoBe of Trog (D:9)
  Pikel (D:5)
  A hill giant (D:10)
  A troll (D:12)
  A minotaur skeleton (Lab)
  A fire dragon skeleton (D:11)
  6 yaks (D:9)
  A hill giant zombie (D:9)
  A wandering mushroom (Lab)
  2 hippogriffs
  A hungry ghost (D:3)
  Edmund (D:9)
  A necrophage (D:9)
  3 ogres
  2 orc warriors
  4 centaurs
  A sky beast (D:9)
  2 slaves (D:5)
  2 giant frogs (D:6)
  A big kobold (D:11)
  Blork the orc (D:5)
  2 komodo dragon skeletons
  An eye of draining (D:9)
  2 scorpions
  3 wights (D:10)
  A troll skeleton (D:7)
  3 crimson imps
  3 goliath beetles
  An orc priest (D:10)
  A big fish (D:4)
  A hound (D:10)
  3 jellies
  3 iguanas
  A hound zombie (D:7)
  A mummy (D:10)
  A worker ant zombie (D:5)
  9 adders
  An orc zombie (D:7)
  4 giant geckos
  4 orcs
  8 bats
  A giant cockroach (D:2)
  7 hobgoblins
  5 jackals
  12 kobolds
  A quokka (D:8)
  A ball python (D:3)
  2 giant newts
  3 goblins
  A goblin zombie (D:5)
  An orc skeleton (D:7)
  13 rats
  A rat skeleton (D:7)
  A rat zombie (D:6)
137 creatures vanquished.

Vanquished Creatures (collateral kills)
  2 orc priests (D:10)
  An orc (D:10)
  A quokka (D:10)
4 creatures vanquished.

Vanquished Creatures (others)
  A kobold (D:5)
1 creature vanquished.

Grand Total: 142 creatures vanquished

Notes
Turn   | Place    | Note
--------------------------------------------------------------
     0 | D:1      | 4tharraofdagon, the Ogre Wizard, began the quest for the Orb.
     0 | D:1      | Reached XP level 1. HP: 16/16 MP: 4/4
    50 | D:1      | Reached skill level 1 in Fighting
   198 | D:2      | Reached XP level 2. HP: 11/28 MP: 3/6
   358 | D:3      | Found a shadowy altar of Dithmenos.
   358 | D:3      | Found a shimmering altar of Xom.
   556 | D:4      | Found a sparkling altar of Nemelex Xobeh.
   615 | D:3      | Reached skill level 1 in Maces & Flails
   615 | D:3      | Reached XP level 3. HP: 16/36 MP: 0/8
   620 | D:3      | Learned a level 3 spell: Conjure Flame
   994 | D:4      | Noticed a hungry ghost
  1006 | D:3      | Killed a hungry ghost
  1006 | D:3      | Reached skill level 4 in Fighting
  1006 | D:3      | Reached XP level 4. HP: 36/48 MP: 3/10
  1006 | D:3      | Reached XP level 5. HP: 40/54 MP: 3/11
  1031 | D:4      | Found a glowing drain.
  1054 | Sewer    | Entered a sewer
  1140 | D:5      | Entered Level 5 of the Dungeon
  1159 | D:6      | Noticed a phantom
  1212 | D:7      | Found a staircase to the Ecumenical Temple.
  1217 | Temple   | Entered the Ecumenical Temple
  1235 | Temple   | Became a worshipper of Cheibriados the Contemplative
  1256 | D:7      | Learned a level 2 spell: Repel Missiles
  1260 | D:7      | Learned a level 3 spell: Mephitic Cloud
  1279 | D:7      | Reached skill level 5 in Maces & Flails
  1279 | D:7      | Reached XP level 6. HP: 61/63 MP: 8/15
  1499 | D:7      | WTF
  1686 | D:6      | Learned a level 2 spell: Blink
  1735 | D:6      | Found a glowing golden altar of the Shining One.
  1781 | D:6      | Noticed an ogre
  1792 | D:6      | Killed an ogre
  1792 | D:6      | Reached skill level 5 in Fighting
  1792 | D:6      | Reached skill level 6 in Maces & Flails
  1849 | D:6      | Reached XP level 7. HP: 62/72 MP: 5/17
  1937 | D:6      | Noticed an ogre
  1960 | D:6      | Killed an ogre
  1960 | D:6      | Reached skill level 7 in Maces & Flails
  2077 | D:5      | Reached skill level 5 in Spellcasting
  2124 | D:5      | Noticed a slave
  2160 | D:5      | Killed a slave
  2394 | D:5      | Noticed a slave
  2395 | D:5      | Noticed Pikel
  2410 | D:5      | Noticed a slave
  2416 | D:5      | Killed a slave
  2418 | D:5      | Noticed a slave
  2419 | D:5      | Killed Pikel
  2419 | D:5      | Reached skill level 8 in Maces & Flails
  2419 | D:5      | Reached skill level 1 in Fire Magic
  2419 | D:5      | Reached skill level 1 in Invocations
  2419 | D:5      | Reached XP level 8. HP: 67/84 MP: 12/20
  2447 | D:5      | Noticed Blork the orc
  2461 | D:5      | Killed Blork the orc
  2489 | D:5      | Noticed Duvessa
  2506 | D:5      | Noticed Dowan
  2614 | D:7      | Noticed an ice beast
  2683 | D:7      | Noticed an orc warrior
  2713 | D:7      | Killed an orc warrior
  2841 | D:7      | Reached skill level 9 in Maces & Flails
  3158 | D:8      | Reached XP level 9. HP: 93/93 MP: 17/21
  3474 | D:9      | Reached skill level 10 in Maces & Flails
  3589 | D:9      | Noticed DaftWullie's ghost (experienced KoBe)
  3608 | D:9      | Killed DaftWullie's ghost
  3659 | D:9      | Reached skill level 11 in Maces & Flails
  3671 | D:9      | Reached skill level 5 in Invocations
  3671 | D:9      | Reached XP level 10. HP: 63/106 MP: 5/22
  3744 | D:10     | Entered Level 10 of the Dungeon
  3859 | D:10     | Reached skill level 5 in Dodging
  4043 | D:11     | Acquired Cheibriados' first power
  4226 | D:11     | Found Prizaydung's Assorted Antiques.
  4230 | D:11     | :(
  4325 | D:10     | Noticed a hill giant
  4522 | D:10     | Killed a hill giant
  4522 | D:10     | Reached skill level 12 in Maces & Flails
  4522 | D:10     | Reached skill level 1 in Evocations
  4657 | D:9      | Noticed Edmund
  4665 | D:9      | Killed Edmund
  4957 | D:12     | NO
  4972 | D:12     | Found a labyrinth entrance.
  4983 | Lab      | Entered a labyrinth
  5291 | Lab      | Noticed a minotaur
  5307 | Lab      | Identified the -2,+8 whip of Turmoil {slash, Contam +Blink rC+}
  5307 | Lab      | Slain by a minotaur

Action                   |  1- 3 |  4- 6 |  7- 9 | 10-12 || total
-------------------------+-------+-------+-------+-------++-------
Melee: Unarmed           |    26 |       |       |       ||    26
       Club              |    14 |       |       |       ||    14
       Mace              |     9 |    49 |       |       ||    58
       Giant spiked club |       |     4 |   118 |    81 ||   203
       Whip              |       |       |    49 |       ||    49
       Giant club        |       |       |       |     3 ||     3
Throw: Dart              |    12 |       |     1 |       ||    13
       Large rock        |       |       |     5 |       ||     5
 Cast: Magic Dart        |    61 |    24 |    30 |     5 ||   120
       Conjure Flame     |     1 |     5 |    11 |    22 ||    39
       Mephitic Cloud    |       |     3 |    14 |     8 ||    25
       Blink             |       |     1 |    12 |     8 ||    21
Evoke: Wand              |       |       |     3 |       ||     3
       Lamp of fire      |       |       |       |     1 ||     1
  Use: Scroll            |     1 |     2 |     3 |    13 ||    19
       Potion            |       |       |     2 |     1 ||     3
 Stab: Confused          |       |     1 |     6 |     2 ||     9
       Distracted        |       |       |     1 |       ||     1
